 Dungeon Crawl Stone Soup version 0.21-a0-625-g1119ec1 (webtiles) character file.

7 tidbits the Sneak (level 2, 1/26 HPs)
             Began as a Gnoll Assassin on Dec 24, 2017.
             Quit the game on level 4 of the Dungeon.
             The game lasted 00:02:19 (334 turns).

tidbits the Sneak (Gnoll Assassin)                   Turns: 334, Time: 00:02:19

Health: 1/26       AC:  5    Str: 13    XL:     2   Next: 4%
Magic:  2/2        EV: 12    Int: 18    God:
Gold:   46         SH:  4    Dex: 16    Spells: 1/1 levels left

rFire    . . .     SeeInvis .   a - +2 dagger
rCold    . . .     Gourm    .   D - +0 buckler
rNeg     . . .     Faith    .   h - +0 robe
rPois    .         Spirit   .   E - +0 helmet
rElec    .         Reflect  .   C - +0 cloak
rCorr    .         Harm     .   B - +0 pair of gloves of the Gloaming {Int+5} (curse)
MR       .....                  (no boots)
Stlth    +++.......             (no amulet)
HPRegen  0.08/turn              c - ring of loudness (curse)
MPRegen  0.08/turn              (no ring)

@: no status effects
A: distributed training, fangs 1, strong nose
a: no special abilities


You were on level 4 of the Dungeon.
You were not hungry.

You visited 1 branch of the dungeon, and saw 5 of its levels.

You collected 46 gold pieces.

Inventory:

Hand Weapons
 a - a +2 dagger (weapon)
 b - a +0 blowgun
Missiles
 e - 8 poisoned needles
 f - 2 curare-tipped needles
Armour
 h - a +0 robe (worn)
 B - the cursed +0 pair of gloves of the Gloaming (worn) {Int+5}
   (You found it on level 4 of the Dungeon)

   It affects your intelligence (+5).
   It has a curse placed upon it.
 C - a +0 cloak (worn)
 D - a +0 buckler (worn)
 E - a +0 helmet (worn)
Jewellery
 c - a cursed ring of loudness (left hand)
   (You found it on level 1 of the Dungeon)
Scrolls
 d - 5 scrolls of identify {unknown}
 i - a scroll of remove curse {unknown}
Comestibles
 g - 3 rations


   Skills:
 + Level 4.4 Fighting
 + Level 4.4 Short Blades
 + Level 0.2 Long Blades
 + Level 0.2 Axes
 + Level 0.2 Maces & Flails
 + Level 0.2 Polearms
 + Level 0.2 Staves
 + Level 0.2 Slings
 + Level 0.2 Bows
 + Level 0.2 Crossbows
 + Level 4.4 Throwing
 + Level 0.2 Armour
 + Level 2.4 Dodging
 + Level 7.7 Stealth
 + Level 0.2 Shields
 + Level 0.2 Unarmed Combat
 + Level 0.2 Spellcasting
 + Level 0.1 Conjurations
 + Level 0.1 Hexes
 + Level 0.1 Charms
 + Level 0.1 Summonings
 + Level 0.1 Necromancy
 + Level 0.1 Translocations
 + Level 0.1 Transmutations
 + Level 0.1 Fire Magic
 + Level 0.1 Ice Magic
 + Level 0.1 Air Magic
 + Level 0.1 Earth Magic
 + Level 0.1 Poison Magic
 + Level 0.3 Invocations
 + Level 0.2 Evocations


You had one spell level left.
You didn't know any spells.

Dungeon Overview and Level Annotations

Branches:
Dungeon (5/15)
 Temple: D:4-7

Altars:


Innate Abilities, Weirdness & Mutations

Your experience applies equally to all skills.
You have very sharp teeth.
Your uncanny sense of smell can sniff out nearby items.


Message History

Found 9 stones.
There is a stone staircase leading down here.
You climb downwards.
Found 18 gold pieces, a hand axe and a pair of warped gloves.
There is a stone staircase leading up here.
You see here a hand axe.
You see here a pair of warped gloves.
h - a pair of warped gloves Wear which item? (? for menu, Esc to quit)
You start putting on your armour.
You continue putting on your pair of warped gloves. x4
You finish putting on the cursed +0 pair of gloves of the Gloaming {Int+5}.
Oops, that feels deathly cold.
Adjust (i)tems, (s)pells, or (a)bilities?
Adjust which item? (? for menu, Esc to quit)
h - the cursed +0 pair of gloves of the Gloaming (worn)
{Int+5} Adjust to which letter? (? for menu, Esc to quit)
B - the cursed +0 pair of gloves of the Gloaming (worn)
{Int+5}
h - a +0 robe (worn)
You see here a hand axe.
There is a stone staircase leading up here.
You now have 40 gold pieces (gained 18).
Found 6 gold pieces.
Found 3 scrolls labeled TITA ROTOMNUBB.
You now have 46 gold pieces (gained 6).
Found a scroll labeled TITA ROTOMNUBB.
Found 10 gold pieces.
Found a buckler.
Found a scroll labeled QOESAH ITEH.
You see here a buckler.
i - a buckler Wear which item? (? for menu, Esc to quit)
You start putting on your armour.
You continue putting on your buckler. x4
You finish putting on your +0 buckler.
Adjust (i)tems, (s)pells, or (a)bilities?
Adjust which item? (? for menu, Esc to quit)
i - a +0 buckler (worn)
Adjust to which letter? (? for menu, Esc to quit)
D - a +0 buckler (worn)
Found a stone staircase leading down.
i - a scroll labeled QOESAH ITEH
d - 5 scrolls labeled TITA ROTOMNUBB (gained 1)
A centaur comes into view.
There is a stone staircase leading down here.
You climb downwards.
Found a quarterstaff, a whip and a ration.
There is a stone staircase leading up here.
You see here a whip.
g - 3 rations (gained 1)
There is a stone staircase leading up here.
You climb upwards.
The centaur shouts!
The centaur wields a shortbow.
The centaur shoots an arrow.
The arrow hits you!
The centaur shoots an arrow.
The arrow barely misses you.
There is a stone staircase leading down here.
You see here an arrow.
The centaur shoots an arrow.
The arrow hits you.
You hear an angry hiss.
Found a scroll labeled TITA ROTOMNUBB.
You see here an arrow.
The centaur shoots an arrow.
The arrow closely misses you.
The centaur shoots an arrow.
The arrow hits you.
* * * LOW HITPOINT WARNING * * *
You hear an angry hiss.
Found 15 poisoned needles.
You see here an arrow.
The centaur unwields an uncursed shortbow.
The centaur barely misses you.
An adder comes into view.
You aren't carrying any potions.
Unknown command.
You hit the centaur.
The centaur is moderately wounded.
The centaur hits you.
* * * LOW HITPOINT WARNING * * *
You hit the centaur.
The centaur is moderately wounded.
The centaur hits you but does no damage.
The centaur closely misses you.
You hit the centaur but do no damage.
The centaur is moderately wounded.
The centaur hits you but does no damage.
You hit the centaur.
The centaur is moderately wounded.
You block the centaur's attack.
You hit the centaur but do no damage. You bite the centaur, but do no damage.
The centaur is moderately wounded.
The centaur hits you.
* * * LOW HITPOINT WARNING * * *
The centaur hits you.
* * * LOW HITPOINT WARNING * * *
You hit the centaur.
The centaur is heavily wounded.
The centaur hits you.
* * * LOW HITPOINT WARNING * * *
You aren't carrying any potions.
Unknown command.
You aren't carrying any potions.
Unknown command.
Are you sure you want to abandon this character and quit the game? (Confirm with "yes".)

.# .### ... ..# ..
#### S#
##...##c######
######.###(@....?(.
#........(...######
.....$.(>#..##
.###(#..#..#
##...#..########## ∆
##...............
#..#..########## ?# ∆
#..#..############..#
#..#................#


You could see a centaur and an adder.

Vanquished Creatures
  2 giant cockroaches
  2 hobgoblins
  A bat (D:1)
  A kobold (D:1)
  A rat (D:1)
7 creatures vanquished.

Notes
Turn   | Place    | Note
-------+----------+-------------------------------------------
     0 | D:1      | tidbits the Gnoll Assassin began the quest for the Orb.
     0 | D:1      | Reached XP level 1. HP: 20/20 MP: 1/1
   213 | D:3      | Reached XP level 2. HP: 22/26 MP: 2/2
   242 | D:4      | Got a pair of warped gloves
   248 | D:4      | Identified the cursed +0 pair of gloves of the Gloaming {Int+5} (You found it on level 4 of the Dungeon)
   316 | D:4      | Noticed a centaur
   317 | D:5      | Entered Level 5 of the Dungeon
   333 | D:4      | HP: 1/26 [centaur (5)]
   334 | D:4      | Quit the game

Vault maps used:
D:1:      onia_arrival_mini_maze_b, grunt_decor_fettered,
          kennysheep_nondescript, minmay_door_square
D:2:      overflow_temple_1_default, chequers_ecumenical_altar_lobes
D:4:      first_ration
D:5:      marbit_many_paths, minmay_temple_entry_statues_pillars, serial_glass,
          glass_columns_b, glass_columns_c

Action                   || total
-------------------------++-------
Melee: Dagger            ||    19
       Bite              ||     1
 Stab: Sleeping          ||     4
Armor: Robe              ||     4
Dodge: Dodged            ||     6
Block: Buckler           ||     1

Table legend:
 A = Spawn XP
 B = Non-spawn XP
 C = Spawn XP percentage of total XP
 D = Spawn monster count
 E = Non-spawn monster count
 F = Spawn count percentage of total count
 G = Total turns spent on level
                    A         B        C        D         E        F      G
               +---------+---------+-------+---------+---------+-------+---------
         Total |       0 |      11 |   0.0 |       0 |       7 |   0.0 |   334
               +---------+---------+-------+---------+---------+-------+---------
           D:1 |       0 |       7 |   0.0 |       0 |       5 |   0.0 |   145
           D:2 |       0 |       2 |   0.0 |       0 |       1 |   0.0 |    61
           D:3 |       0 |       2 |   0.0 |       0 |       1 |   0.0 |    29
               +---------+---------+-------+---------+---------+-------+---------

Table legend:
 A = Turns spent in this place as a percentage of turns spent in the entire game.
 B = Non-inter-level travel turns spent in this place as a percentage of non-inter-level travel turns spent in the entire game.
 C = Inter-level travel turns spent in this place as a percentage of turns spent in this place.
 D = Turns resting spent in this place as a percentage of non-inter-level travel turns spent in this place.
 E = Turns spent auto-exploring this place as a percentage of non-inter-level travel turns spent in this place.
 F = Non-inter-level travel turns spent in this place divided by the number of levels of this place that you've seen.
                   A       B       C       D       E      F
               +-------+-------+-------+-------+-------+----------------------
         Total | 100.0 | 100.0 |   0.0 |   0.0 |   0.0 |  66.8
       Dungeon | 100.0 | 100.0 |   0.0 |   0.0 |   0.0 |  66.8
               +-------+-------+-------+-------+-------+----------------------

Table legend:
 A = Kills in this place as a percentage of kills in entire the game.
 B = Kills by you in this place as a percentage of kills by you in the entire game.
 C = Kills by friends in this place as a percentage of kills by friends in the entire game.
 D = Other kills in this place as a percentage of other kills in the entire game.
 E = Experience gained in this place as a percentage of experience gained in the entire game.
 F = Experience gained in this place divided by the number of levels of this place that you have seen.
                   A       B       C       D       E      F
               +-------+-------+-------+-------+-------+----------------------
         Total | 100.0 | 100.0 |   N/A |   N/A | 100.0 |   2.2
       Dungeon | 100.0 | 100.0 |   N/A |   N/A | 100.0 |   2.2
               +-------+-------+-------+-------+-------+----------------------

Vault maps used:
D:1:      onia_arrival_mini_maze_b, grunt_decor_fettered,
          kennysheep_nondescript, minmay_door_square
D:2:      overflow_temple_1_default, chequers_ecumenical_altar_lobes
D:4:      first_ration
D:5:      marbit_many_paths, minmay_temple_entry_statues_pillars, serial_glass,
          glass_columns_b, glass_columns_c
